 Dungeon Crawl Stone Soup version 0.27.1 (webtiles) character file.

Game seed: 11125085597842302314

240 Thatpatchoflichen the Chiller (level 5, 0/42 HPs)
             Began as a Draconian Ice Elementalist on Aug 21, 2021.
             Slain by an ogre (16 damage)
             ... on level 3 of the Dungeon.
             The game lasted 00:10:09 (3519 turns).

Thatpatchoflichen the Chiller (DrIE)                Turns: 3519, Time: 00:10:10

Health: 0/42       AC: 11    Str: 10    XL:     5   Next: 80%
Magic:  2/9        EV: 12    Int: 17    God:
Gold:   136        SH:  0    Dex: 11    Spells: 3/10 levels left

rFire    . . .     SeeInvis .   l - +0 dagger (vamp)
rCold    . . .     Faith    .   (no shield)
rNeg     . . .     Spirit   .   (armour unavailable)
rPois    .         Reflect  .   (helmet restricted)
rElec    .         Harm     .   (no cloak)
rCorr    .         Rampage  .   (no gloves)
Will     .....                  (no boots)
Stlth    ++........             (no amulet)
HPRegen  0.14/turn              (no ring)
MPRegen  0.11/turn              (no ring)

@: ice-armoured, freezing walls, very slightly contaminated
A: AC +5, unfitting armour, cold-blooded
a: no special abilities


You were on level 3 of the Dungeon.
You visited 1 branch of the dungeon, and saw 3 of its levels.

You collected 136 gold pieces.

Inventory:

Hand Weapons
 b - a +0 mace
 l - a +0 vampiric dagger (weapon)
Missiles
 c - 34 arrows
 e - 80 stones
 k - 4 silver boomerangs
 o - 10 sling bullets
Scrolls
 a - a scroll of enchant armour {unknown}
 d - a scroll of amnesia {unknown}
 h - a scroll of immolation {unknown}
 i - a scroll of vulnerability {unknown}
 j - a scroll of identify {unknown}
 m - a scroll of silence {unknown}
Potions
 f - 2 potions of ambrosia {unknown}
 g - 2 potions of haste {unknown}
 n - 2 potions of curing {unknown}
 p - a potion of might {unknown}


   Skills:
 + Level 2.6 Fighting
 + Level 3.0 Dodging
 - Level 1.7 Stealth
 - Level 3.0 Spellcasting
 + Level 0.0 Conjurations
 * Level 5.4 Ice Magic


You had 3 spell levels left.
You knew the following spells:

 Your Spells              Type           Power      Damage    Failure   Level
a - Freeze                Ice            84%        1d10      1%          1
b - Frozen Ramparts       Ice            42%        1d6       5%          3
c - Ozocubu's Armour      Ice            21%        N/A       5%          3

Your spell library contained the following spells:

 Spells                   Type           Power      Damage    Failure   Level
 Hailstorm                Conj/Ice       11%        3d5       50%         4
 Metabolic Englaciation   Hex/Ice        5%         N/A       85%         5
 Simulacrum               Ice/Necr       5%         N/A       100%        6


Dungeon Overview and Level Annotations

Branches:
Dungeon (3/15)

Altars:

Shops:
D:2 !


Innate Abilities, Weirdness & Mutations

Your plain brown scales are hard. (AC +5)
You cannot fit into any form of body armour.
You are cold-blooded and may be slowed by cold attacks.


Message History

Your Dodging skill increases to level 3!
Your Spellcasting skill increases to level 3!
n - 2 bubbling dark potions (gained 1)
You see here the felid corpse of Natasha.
You now have 136 gold pieces (gained 15).
You start resting.
Magic restored.
You start resting.
HP restored.
Okay, then.
There is a stone staircase leading up here.
There is a stone staircase leading up here.
You see here the felid corpse of Natasha.
An ogre comes into view. It is wielding a +0 giant spiked club.
The ogre shouts!
Casting: Freeze (safe; 1% risk of failure)
Confirm with . or Enter, or press ? or * to list all spells.
Casting: Frozen Ramparts (dangerous; 5% risk of failure)
Press: ? - help, Dir - look around, f - activate The walls around you are covered in ice.
Casting: Frozen Ramparts (dangerous; 5% risk of failure)
Confirm with . or Enter, or press ? or * to list all spells.
A film of ice covers your body!
The wall freezes the ogre.
The wall freezes the ogre.
You hit the ogre but do no damage.
The ogre is moderately wounded.
The wall freezes the ogre.
The ogre hits you with a +0 giant spiked club!!
Ouch! That really hurt!
Unknown command.
Aiming: Freeze (safe; 1% risk of failure)
Press: ? - help, Q - select action, (/) - cycle Shift-Dir - straight line, f - ogre
Aim: an ogre, wielding a +0 giant spiked club (heavily wounded)
You miscast Freeze.
You are very lightly contaminated with residual magic.
Nothing appears to happen.
The wall freezes the ogre.
The ogre hits you with a +0 giant spiked club!
You die...

#####
########################
.....
......O@................
..#
##################.#####
..############## #.#
...............# #.#
##############.## #.#
#..# #.# ##.## #####.##
#..# #......# ### ##.##
#......#


You could see an ogre.

Vanquished Creatures
  A hound (D:2)
  Natasha (thrice) (D:3)
  8 adders
  5 worms
  A dart slug (D:3)
  An orc (D:3)
  3 ball pythons
  6 bats
  4 endoplasms
  A giant cockroach (D:2)
  2 goblins (D:3)
  3 hobgoblins (D:3)
  2 jackals (D:2)
  4 quokkas
  4 frilled lizards
  4 kobolds
  3 rats
55 creatures vanquished.

Vanquished Creatures (others)
  A fungus (D:1)
1 creature vanquished.

Grand Total: 56 creatures vanquished

Notes
Turn   | Place    | Note
-------+----------+-------------------------------------------
     0 | D:1      | Thatpatchoflichen the Draconian Ice Elementalist began the
                  | quest for the Orb.
     0 | D:1      | Reached XP level 1. HP: 14/14 MP: 3/3
    56 | D:1      | Found a faded altar of an unknown god.
   112 | D:2      | Found Kufresh's Distillery.
   480 | D:2      | Reached XP level 2. HP: 17/22 MP: 1/5
   652 | D:2      | Reached skill level 1 in Fighting
   911 | D:2      | Reached XP level 3. HP: 28/28 MP: 2/6
  1067 | D:1      | You fall into a shaft and drop 1 floor!
  1665 | D:2      | Reached XP level 4. HP: 35/35 MP: 3/7
  2191 | D:2      | Reached skill level 5 in Ice Magic
  2319 | D:3      | Reached XP level 5. HP: 40/41 MP: 6/9
  2471 | D:3      | Noticed Natasha
  2482 | D:3      | Killed Natasha
  2616 | D:3      | Learned a level 3 spell: Frozen Ramparts
  2620 | D:3      | Learned a level 3 spell: Ozocubu's Armour
  2708 | D:3      | Noticed Natasha
  2733 | D:3      | Killed Natasha
  3328 | D:3      | Noticed Natasha
  3337 | D:3      | Killed Natasha
  3512 | D:3      | Noticed an ogre
  3519 | D:3      | Slain by an ogre

Illustrated notes

Levels and vault maps discovered:
D:1:      lightli_iron_boxes, layout_rooms, shapermc_ecumenical_altar_ellora
D:2:      layout_rooms, serial_shops, shop, minmay_between
D:3:      layout_basic, uniq_natasha

Skill      XL: |  1  2  3  4  5 |
---------------+----------------+-----
Dodging        | 2 3 |  3.0
Fighting       | 1 2 |  2.6
Ice Magic      | 5 |  5.4
Spellcasting   | 3 |  3.0
Stealth        | |  1.7

Action                   |  1- 3 |  4- 6 || total
-------------------------+-------+-------++-------
Melee: Mace              |    48 |    45 ||    93
       Tailslap          |     5 |    12 ||    17
       Dagger            |       |    55 ||    55
 Cast: Freeze            |    18 |    35 ||    53
       Frozen Ramparts   |       |     2 ||     2
       Ozocubu's Armour  |       |     1 ||     1
 Stab: Sleeping          |     1 |     5 ||     6
Armor: Skin              |    27 |    38 ||    65
Dodge: Dodged            |    66 |    79 ||   145
